 Dungeon Crawl Stone Soup version 0.21.1-1-g345015f (webtiles) character file.

19581 Monsterracer the Grappler (level 12, -3/84 HPs)
             Began as an Octopode Fighter on May 22, 2018.
             Slain by a water moccasin (7 damage)
             ... on level 1 of the Lair of Beasts on May 24, 2018.
             The game lasted 00:42:01 (19491 turns).

Monsterracer the Grappler (Octopode Fighter)       Turns: 19491, Time: 00:42:02

Health: -3/84      AC:  6    Str:  4 (11) XL:     12   Next: 70%
Magic:  18/18      EV: 13    Int:  8 (15) God:    Xom [.*....]
Gold:   610        SH:  9    Dex:  6 (14) Spells: 11/11 levels left

rFire    + + .     SeeInvis +     - Unarmed
rCold    . . .     Gourm    .   a - +0 shield
rNeg     . . .     Faith    .   v - +2 hat
rPois    .         Spirit   .   r - amulet of rage
rElec    .         Reflect  .   C - ring of protection from fire {!d}
rCorr    .         Harm     .   D - ring of see invisible
MR       .....                  (no ring)
Stlth    +++++.....             (no ring)
HPRegen  0.64/turn              (no ring)
MPRegen  0.16/turn              (no ring)
                                (no ring)
                                (no ring)

@: hasted, very quick
A: almost no armour, stealthy swim, amphibious, 8 rings, constrict 8, molten
scales 1, camouflage 1, agile 1, deterioration 1, fire resistance 1,
regeneration 1, shaggy fur 1, weak 2, gelatinous body 1
a: Renounce Religion, Evoke Berserk Rage


You were on level 1 of the Lair of Beasts.
You worshipped Xom.
You were a plaything of Xom.
You were not hungry.

You visited 2 branches of the dungeon, and saw 14 of its levels.

You collected 805 gold pieces.
You spent 195 gold pieces at shops.

Inventory:

Hand Weapons
 b - a +2 dagger of venom
Armour
 a - a +0 shield (worn)
 v - a +2 hat (worn)
Jewellery
 r - an amulet of rage (around mantle)
 x - an uncursed amulet of magic regeneration
 C - a ring of protection from fire (left tentacle) {!d}
 D - a ring of see invisible (right tentacle)
Wands
 f - a wand of clouds (3)
 h - a wand of acid (17)
 o - a wand of iceblast (19)
 A - a wand of flame (57)
Scrolls
 e - 2 scrolls of amnesia
 g - 5 scrolls of remove curse
 k - a scroll of fear {!r}
 l - 10 scrolls of teleportation
 n - 9 scrolls of identify
 t - 3 scrolls of magic mapping {!r}
 w - 3 scrolls of blinking
 y - 2 scrolls of enchant weapon
 E - a scroll of enchant armour
Potions
 d - a potion of ambrosia {!q}
 i - 2 potions of might
 j - a potion of mutation {!q}
 m - 3 potions of agility
 p - 2 potions of brilliance
 q - 2 potions of curing
 s - 3 potions of heal wounds
 u - a potion of lignification
 z - a potion of magic
Books
 B - a book of Clouds

   Spells                             Type                      Level
   a - Poisonous Vapours              Poison/Air                   2
   b - Mephitic Cloud                 Conjuration/Poison/Air       3
   c - Conjure Flame                  Conjuration/Fire             3
   d - Freezing Cloud                 Conjuration/Ice/Air          6
   e - Ring of Flames                 Charms/Fire                  7
Comestibles
 c - 23 rations
 F - 2 chunks of flesh


   Skills:
 + Level 8.3 Fighting
 + Level 8.3 Dodging
 + Level 9.0 Stealth
 + Level 8.4 Shields
 * Level 12.4 Unarmed Combat
 + Level 8.2 Evocations


You had 11 spell levels left.
You didn't know any spells.

Dungeon Overview and Level Annotations

Branches:
Dungeon (11/15)            Temple (0/1) D:4            Lair (3/6) D:10
 Spider (0/4) Lair:2
  Swamp: Lair:2-4    Shoals: Lair:2-4       Orc: D:9-12

Altars:
Ashenzari
Dithmenos
Fedhas
Makhleb
Nemelex Xobeh
Trog
Wu Jian
Xom
Yredelemnul
Zin

Shops:
D:7 ?

Annotations:
Lair:2 Gastronok, Urug


Innate Abilities, Weirdness & Mutations

You cannot wear most types of armour.
You are very stealthy in the water. (Stealth+)
You are amphibious.
You can wear up to eight rings at the same time.
You can use your tentacles to constrict eight enemies at once.
Your skin changes colour to match your surroundings (Stealth+).
Your rubbery body absorbs attacks. (AC +1, EV +1)
You are partially covered in molten scales. (AC +2)
You are agile. (Dex +2)
Your body sometimes deteriorates upon taking damage.
Your flesh is heat resistant. (rF+)
Your natural rate of healing is unusually fast.
You are covered in fur. (AC +1)
You are very weak. (Str -4)


Message History

You are more poisoned.
The water moccasin poisons you! The wolf closely misses you.
You block the wolf's attack.
You take 7 damage, and have 20/84 hp.
You feel sick. You block the wolf's attack.
You feel sick.
You take 1 damage, and have 19/84 hp.
You feel sick.
You feel sick. The wolf barely misses you.
You take 2 damage, and have 17/84 hp.
You tentacle-slap the wolf but do no damage.
Your grab misses the wolf.
You feel sick. The wolf closely misses you.
You take 1 damage, and have 16/84 hp.
You tentacle-slap the wolf. Your grab misses the wolf.
The wolf is moderately wounded.
You miss the wolf. You grab the wolf.
The wolf is moderately wounded.
You constrict the wolf.
You feel sick. The wolf bites you but does no damage.
You take 1 damage, and have 16/84 hp.
You tentacle-slap the wolf.
The wolf is severely wounded.
You constrict the wolf, but do no damage.
You feel sick. You block the wolf's attack.
You take 1 damage, and have 15/84 hp.
You tentacle-slap the wolf.
The wolf is almost dead.
You constrict the wolf.
You feel sick. The wolf bites you.
* * * LOW HITPOINT WARNING * * *
You take 6 damage, and have 9/84 hp.
You feel better.
You constrict the wolf, but do no damage.
The wolf bites you but does no damage.
You regained 11 hp, and now have 20/84 hp.
You completely miss the wolf.
The wolf is almost dead.
You constrict the wolf.
You kill the wolf!
You barely miss the wolf. Your grab misses the wolf.
The wolf bites you but does no damage.
You closely miss the wolf. Your grab misses the wolf.
Your squeeze misses the wolf. You bludgeon the wolf! Your grab misses the wolf.
The wolf is moderately wounded.
You block the wolf's attack.
You barely miss the wolf. Your grab misses the wolf.
The wolf is moderately wounded.
You block the wolf's attack.
You barely miss the wolf. Your grab misses the wolf.
The wolf is moderately wounded.
The wolf bites you.
* * * LOW HITPOINT WARNING * * *
You take 5 damage, and have 17/84 hp.
You miss the wolf. You grab the wolf.
The wolf is moderately wounded.
You constrict the wolf. The wolf bites you.
* * * LOW HITPOINT WARNING * * *
You take 3 damage, and have 14/84 hp.
You tentacle-slap the wolf but do no damage.
You tentacle-slap the wolf, but do no damage.
The wolf is heavily wounded.
You constrict the wolf, but do no damage.
The wolf closely misses you.
You tentacle-slap the wolf but do no damage.
The wolf is heavily wounded.
You constrict the wolf, but do no damage.
The wolf barely misses you.
You barely miss the wolf.
The wolf is heavily wounded.
You constrict the wolf. The wolf completely misses you.
You tentacle-slap the wolf but do no damage.
The wolf is heavily wounded.
You constrict the wolf, but do no damage.
The wolf bites you.
* * * LOW HITPOINT WARNING * * *
You take 4 damage, and have 11/84 hp.
You barely miss the wolf.
The wolf is heavily wounded.
You constrict the wolf, but do no damage.
The wolf bites you but does no damage.
You tentacle-slap the wolf but do no damage.
Your squeeze misses the wolf.
The wolf is heavily wounded.
You constrict the wolf. You block the wolf's attack.
You barely miss the wolf.
The wolf is severely wounded.
You constrict the wolf. The wolf bites you!
* * * LOW HITPOINT WARNING * * *
Xom thinks this is hilarious!
You take 9 damage, and have 3/84 hp.
You bludgeon the wolf!
You kill the wolf!
You tentacle-slap the water moccasin but do no damage.
You grab the water moccasin. You squeeze the water moccasin!
The water moccasin is moderately wounded.
You constrict the water moccasin, but do no damage.
The water moccasin bites you but does no damage.
You bludgeon the water moccasin!
The water moccasin is severely wounded.
You constrict the water moccasin. The water moccasin bites you!
You die...

......#...#...###.###..#.....#.##
[................................
.#.##...###......##.....?........
##......# #............###.#.##..
#...##.# #..........#....#..##._
##...##.#######..................
#P.#.##..# #####........##..##.
##..##...## #.#P#.###.....#.###.
#..#.....# #hS@...######...# #.
#..#.....# #.###### ##..# ##
#..##.#..####..# ########?## #
##..####..##...#####P##......###
#.## #...>.............[......
###.# ####.......###P####........
#...###...._....P# ### ########..
#...#.#.#P.#.....# #.#.## #..
#.......#####...### ##....# ##.


You could see a water moccasin and a wolf.

Vanquished Creatures
  Erica (Lair:2)
  A two-headed ogre (D:8)
  The ghost of p0werm0de the Fighter, a journeyman VSWn of Uskayaw (Lair:1)
  Sonja (Lair:1)
  A harpy (shapeshifter) (Lair:1)
  An oklob plant (D:10)
  Joseph (D:7)
  3 spiny frogs (Lair:1)
  6 komodo dragons
  The ghost of Rekenzichi the Cleaver, an amateur MiAK of Lugonu (D:5)
  2 polar bears
  The ghost of kirsanium the Shield-Bearer, an amateur FoFi (D:4)
  3 slime creatures (D:8)
  A blink frog (Lair:2)
  Prince Ribbit (Lair:2)
  2 hippogriffs (D:10)
  Sigmund (D:3)
  A spriggan (D:8)
  18 yaks (Lair:1)
  2 basilisks
  A hungry ghost (D:6)
  3 water moccasins
  A soldier ant (D:10)
  An ice beast (D:7)
  4 porcupines
  A sky beast (D:9)
  2 orc warriors
  2 black bears
  5 phantoms
  2 necrophages
  4 ogres
  16 wolves
  3 centaurs
  4 crocodiles
  An elf zombie (D:7)
  3 big kobolds (D:8)
  Blork the orc (D:5)
  A gnoll sergeant (D:9)
  10 bullfrogs
  2 scorpions
  11 killer bees
  4 howler monkeys
  11 wights
  2 electric eels (D:10)
  4 crimson imps
  4 human zombies (D:7)
  2 bullfrog zombies
  8 orc priests
  A bullfrog skeleton (D:5)
  5 hounds
  9 jellies
  3 human skeletons (D:7)
  13 orc wizards
  Crazy Yiuf (D:2)
  An iguana (D:6)
  4 worker ants
  3 mummies (D:7)
  2 worker ant zombies
  12 gnolls
  A howler monkey skeleton (D:4)
  7 adders
  6 oozes
  2 adder skeletons
  4 worms
  A dart slug (D:3)
  3 leopard geckos
  32 orcs
  2 giant cockroaches
  6 goblins
  11 hobgoblins
  13 jackals
  16 kobolds
  2 quokkas
  2 ball pythons
  9 bats
  5 frilled lizards
  A leopard gecko skeleton (D:8)
  6 rats
  A butterfly (D:3)
  A plant (D:10)
347 creatures vanquished.

Vanquished Creatures (collateral kills)
  An orc (D:4)
  A leopard gecko skeleton (D:4)
2 creatures vanquished.

Vanquished Creatures (others)
  A yak (Lair:1)
  A leopard gecko (D:9)
  13 fungi
  2 plants (Lair:2)
  9 toadstools (D:8)
26 creatures vanquished.

Grand Total: 375 creatures vanquished

Notes
Turn   | Place    | Note
-------+----------+-------------------------------------------
     0 | D:1      | Monsterracer the Octopode Fighter began the quest for the Orb.
     0 | D:1      | Reached XP level 1. HP: 16/16 MP: 1/1
   111 | D:1      | Found a shattered altar of Ashenzari.
   207 | D:1      | Reached XP level 2. HP: 20/21 MP: 2/2
   394 | D:1      | Reached skill level 3 in Unarmed Combat
   487 | D:1      | Reached XP level 3. HP: 22/26 MP: 3/3
   513 | D:1      | HP: 13/26 [poisoned by a goblin]
  1256 | D:2      | Reached skill level 4 in Unarmed Combat
  1260 | D:2      | Reached XP level 4. HP: 31/31 MP: 4/4
  1621 | D:2      | Found a burning altar of Makhleb.
  1621 | D:2      | Found a shimmering altar of Xom.
  1662 | D:2      | Found a runed door.
  1697 | D:2      | Became a worshipper of Xom of Chaos
  1947 | D:2      | Noticed Crazy Yiuf
  1952 | D:2      | Killed Crazy Yiuf
  1952 | D:2      | Reached skill level 5 in Unarmed Combat
  1952 | D:2      | Reached XP level 5. HP: 23/36 MP: 5/5
  1955 | D:2      | HP: 18/36 [poisoned by Crazy Yiuf]
  1960 | D:2      | HP: 15/36 [poisoned by Crazy Yiuf]
  1966 | D:2      | HP: 12/36 [poisoned by Crazy Yiuf]
  1971 | D:2      | HP: 10/36 [poisoned by Crazy Yiuf]
  1978 | D:2      | HP: 9/36 [poisoned by Crazy Yiuf]
  1982 | D:2      | XOM: silly message
  1986 | D:2      | HP: 8/36 [poisoned by Crazy Yiuf]
  2220 | D:2      | XOM is BORED!
  2220 | D:2      | XOM: mild Tloc miscast
  2351 | D:3      | Noticed Sigmund
  2358 | D:3      | HP: 13/36 [Sigmund/magic dart (10)]
  2363 | D:3      | XOM: cast spell 'Call Canine Familiar'
  2364 | D:3      | Killed Sigmund
  2364 | D:3      | Reached skill level 6 in Unarmed Combat
  2364 | D:3      | Reached XP level 6. HP: 9/42 MP: 6/6
  2678 | D:3      | XOM: noise
  2694 | D:2      | HP: 18/42 [killer bee (4)]
  2695 | D:2      | HP: 8/42 [killer bee (9)]
  2699 | D:2      | HP: 1/42 [killer bee (8)]
  2701 | D:2      | Reached skill level 1 in Stealth
  2905 | D:4      | XOM: divination: detect items
  2921 | D:4      | Reached XP level 7. HP: 43/46 MP: 7/7
  2996 | D:4      | XOM: silly message
  3113 | D:4      | XOM: divination: magic mapping
  3115 | D:4      | XOM: summons friendly iron imp
  3217 | D:4      | Noticed kirsanium's ghost (amateur FoFi)
  3220 | D:4      | XOM: divination: magic mapping
  3236 | D:4      | XOM: cast spell 'Chain of Chaos'
  3240 | D:4      | XOM: divination: magic mapping
  3268 | D:4      | HP: 5/46 [ogre/giant club (31)]
  3272 | D:4      | Reached skill level 1 in Evocations
  3274 | D:4      | XOM: cast spell 'Summon Mana Viper'
  3276 | D:5      | Entered Level 5 of the Dungeon
  3552 | D:5      | Found an ornate altar of the Wu Jian Council.
  3607 | D:5      | HP: 17/46 [ogre/giant spiked club (29)]
  3617 | D:5      | XOM: divination: detect items
  3619 | D:5      | XOM: potion effect (invisibility)
  3620 | D:5      | XOM: polymorph leopard gecko -> hobgoblin
  3626 | D:5      | Reached skill level 7 in Unarmed Combat
  3630 | D:5      | HP: 16/46 [acid (5)]
  3829 | D:5      | Noticed Rekenzichi's ghost (amateur MiAK)
  4028 | D:5      | XOM: butterfly on damage
  4211 | D:5      | XOM: harmless Necr miscast
  4220 | D:5      | Noticed Blork the orc
  4225 | D:5      | XOM: confuse monster(s)
  4230 | D:5      | Killed Blork the orc
  4230 | D:5      | Reached XP level 8. HP: 54/54 MP: 9/9
  4244 | D:5      | XOM: enchant monster (good)
  4346 | D:6      | XOM: harmless Erth miscast
  4353 | D:6      | XOM: harmless Tloc miscast
  4399 | D:6      | Found a blossoming altar of Fedhas.
  4480 | D:6      | Found Zin's Purification Station.
  4485 | D:6      | Found a glowing silver altar of Zin.
  4488 | D:6      | Bought a potion of curing for 90 gold pieces
  4536 | D:6      | HP: 27/54 [killer bee (5)]
  4541 | D:6      | HP: 21/54 [poisoned by a killer bee]
  4547 | D:6      | HP: 18/54 [poisoned by a killer bee]
  4552 | D:5      | HP: 17/54 [poisoned by a killer bee]
  4560 | D:5      | HP: 16/54 [poisoned by a killer bee]
  4568 | D:5      | HP: 15/54 [poisoned by a killer bee]
  4962 | D:5      | XOM is BORED!
  4962 | D:5      | XOM: medium Ice miscast
  5127 | D:6      | XOM: 1-stop teleportation journey
  5128 | D:6      | XOM: enchant monster (good)
  5142 | D:6      | HP: 26/54 [killer bee (8)]
  5149 | D:6      | HP: 25/54 [poisoned by a killer bee]
  5156 | D:6      | HP: 24/54 [poisoned by a killer bee]
  5164 | D:6      | HP: 23/54 [poisoned by a killer bee]
  5169 | D:6      | HP: 14/54 [iguana (10)]
  5201 | D:6      | HP: 12/54 [killer bee (8)]
  5203 | D:6      | Reached skill level 8 in Unarmed Combat
  5207 | D:6      | HP: 10/54 [poisoned by a killer bee]
  5214 | D:6      | HP: 9/54 [poisoned by a killer bee]
  5222 | D:6      | HP: 9/54 [poisoned by a killer bee]
  5924 | D:6      | XOM: scenery: create altars
  5925 | D:6      | Reached XP level 9. HP: 59/59 MP: 11/11
  5940 | D:6      | XOM: medium Tloc miscast
  6053 | D:7      | XOM: smoke on damage
  6055 | D:7      | XOM: swap monsters
  6062 | D:7      | HP: 29/59 [phantom (5)]
  6067 | D:7      | HP: 26/59 [phantom (4)]
  6374 | D:7      | XOM: confusion (+ monsters)
  6378 | D:7      | XOM: enchant monster (bad)
  6426 | D:7      | Got a shimmering spear {pierce}
  6456 | D:7      | HP: 28/59 [acid (10)]
  6655 | D:7      | Found Vullocla's Magic Scroll Shop.
  6659 | D:7      | Bought a scroll of blinking for 105 gold pieces
  6847 | D:7      | Noticed Joseph
  6855 | D:7      | XOM: destruction
  6860 | D:7      | Reached skill level 5 in Shields
  6861 | D:7      | HP: 30/60 [Joseph/uncursed quarterstaff (5)]
  6863 | D:7      | XOM: fake destruction
  6864 | D:7      | XOM: 2-stop teleportation journey
  7032 | D:7      | XOM: enchant monster (good)
  7044 | D:7      | Killed Joseph
  7044 | D:7      | Reached skill level 5 in Fighting
  7044 | D:7      | Reached skill level 5 in Dodging
  7044 | D:7      | Reached skill level 5 in Stealth
  7068 | D:7      | XOM: god gift: scroll labeled IVIZXU FUOTEO {god gift}
  7326 | D:7      | XOM: noise
  7373 | D:7      | Reached skill level 9 in Unarmed Combat
  7471 | D:7      | Found a bloodstained altar of Trog.
  7471 | D:7      | Found a sparkling altar of Nemelex Xobeh.
  7510 | D:7      | XOM: god gift: ration
  7731 | D:7      | XOM: harmless Tloc miscast
  7798 | D:7      | Found a basalt altar of Yredelemnul.
  8080 | D:7      | HP: 28/61 [orc warrior/flail (16)]
  8080 | D:7      | XOM: butterfly on damage
  8085 | D:7      | HP: 16/61 [something (3)]
  8236 | D:7      | XOM: noise
  8312 | D:8      | Noticed a two-headed ogre
  8435 | D:8      | XOM: cast spell 'Dispersal'
  8439 | D:8      | HP: 25/61 [orc priest/divine providence (14)]
  8444 | D:8      | HP: 23/61 [orc priest/dagger (2)]
  8447 | D:8      | Reached XP level 10. HP: 20/66 MP: 13/13
  8453 | D:8      | HP: 21/66 [something (1)]
  8460 | D:8      | HP: 8/66 [something/puff of flame (9)]
  8680 | D:8      | XOM: harmless Tloc miscast
  8762 | D:8      | HP: 33/66 [wight/halberd (5)]
  8767 | D:8      | HP: 26/66 [wight/spear (8)]
  8768 | D:8      | HP: 12/66 [wight/halberd (4)]
  8770 | D:8      | HP: 3/66 [wight/spear (3)]
  9210 | D:8      | XOM: confuse monster(s)
  9217 | D:8      | HP: 34/68 [acid (1)]
  9218 | D:8      | Reached skill level 5 in Evocations
  9325 | D:8      | XOM: god gift: hand axe {god gift}
  9600 | D:8      | HP: 30/68 [two-headed ogre/giant spiked club (22)]
  9613 | D:8      | Killed a two-headed ogre
  9997 | D:8      | XOM: 1-stop teleportation journey
 10114 | D:8      | Reached skill level 10 in Unarmed Combat
 10348 | D:8      | HP: 30/68 [slime creature (7)]
 10389 | D:8      | XOM: god gift: 58 gold pieces
 10432 | D:8      | XOM is BORED!
 10432 | D:8      | XOM: summons 5 hostile demons
 10444 | D:8      | HP: 34/68 [white imp/puff of frost[Xom] (11)]
 10689 | D:8      | XOM: confuse monster(s)
 10717 | D:8      | XOM: give mutations
 10717 | D:8      | Gained mutation: You are resistant to hostile enchantments. (MR+) [Xom's grace]
 10717 | D:8      | Gained mutation: You are covered in fur. (AC +1) [Xom's grace]
 10717 | D:8      | Gained mutation: You are robust. (+10% HP) [Xom's grace]
 10717 | D:8      | Gained mutation: Your flesh is heat resistant. (rF+) [Xom's grace]
 10852 | D:8      | XOM: medium Ice miscast
 11072 | D:8      | XOM: medium Hex miscast
 11229 | D:9      | XOM: mild Pois miscast
 11374 | D:9      | XOM: 1-stop teleportation journey
 11547 | D:9      | Found a shadowy altar of Dithmenos.
 11757 | D:9      | XOM: give mutations
 11757 | D:9      | Gained mutation: You are dopey. (Int -2) [Xom's mischief]
 11757 | D:9      | Gained mutation: Your body sometimes deteriorates upon taking damage. [Xom's mischief]
 11757 | D:9      | Gained mutation: You are partially covered in molten scales. (AC +2) [Xom's mischief]
 12054 | D:9      | XOM: harmless Tloc miscast
 12140 | D:9      | Reached XP level 11. HP: 77/80 MP: 15/15
 12245 | D:10     | Entered Level 10 of the Dungeon
 12365 | D:10     | Noticed an oklob plant
 12750 | D:10     | XOM: 2-stop teleportation journey
 12752 | D:10     | XOM: scenery: create altars
 12754 | D:10     | XOM: blink monster(s)
 13417 | D:4      | XOM: noise
 13431 | D:4      | Killed kirsanium's ghost
 13440 | D:4      | XOM: scenery: create altars
 13496 | D:4      | XOM: medium Tloc miscast
 13666 | D:4      | Found a staircase to the Ecumenical Temple.
 13758 | D:4      | XOM: give mutations
 13758 | D:4      | Lost mutation: You are robust. (+10% HP) [Xom's mischief]
 13758 | D:4      | Gained mutation: You are clumsy. (Dex -2) [Xom's mischief]
 13758 | D:4      | Lost mutation: You are clumsy. (Dex -2) [Xom's mischief]
 13758 | D:4      | Lost mutation: You are dopey. (Int -2) [Xom's mischief]
 14205 | D:3      | XOM: polymorph butterfly -> gnoll
 14285 | D:3      | XOM: give mutations
 14285 | D:3      | Gained mutation: Your body often deteriorates upon taking damage. [Xom's mischief]
 14285 | D:3      | Gained mutation: Your natural rate of healing is unusually fast. [Xom's mischief]
 14285 | D:3      | Gained mutation: You are weak. (Str -2) [Xom's mischief]
 14407 | D:3      | Reached skill level 11 in Unarmed Combat
 14621 | D:3      | XOM: give mutation
 14621 | D:3      | Gained mutation: You are dopey. (Int -2) [Xom's mischief]
 14694 | D:3      | XOM: medium Ice miscast
 14821 | D:3      | XOM: harmless Pois miscast
 15018 | D:5      | Killed Rekenzichi's ghost
 15020 | D:5      | XOM: 10-stop teleportation journey
 15245 | D:6      | XOM: give mutation
 15245 | D:6      | Lost mutation: You are resistant to hostile enchantments. (MR+) [Xom's mischief]
 15368 | D:11     | Noticed a manticore
 15368 | D:11     | Noticed an ogre mage
 15368 | D:11     | Noticed an ogre mage
 15382 | D:10     | XOM: give mutations
 15382 | D:10     | Gained mutation: You are agile. (Dex +2) [Xom's mischief]
 15382 | D:10     | Gained mutation: You are very dopey. (Int -4) [Xom's mischief]
 15405 | D:10     | Found a staircase to the Lair.
 15421 | D:10     | Killed an oklob plant
 15679 | Lair:1   | Entered Level 1 of the Lair of Beasts
 15726 | Lair:1   | Noticed a harpy
 15726 | Lair:1   | a spiny frog changed into a harpy
 15726 | Lair:1   | XOM: polymorph spiny frog -> harpy
 15726 | Lair:1   | HP: 31/73 [harpy (shapeshifter) (19)]
 15729 | Lair:1   | Killed a harpy
 15732 | Lair:1   | HP: 28/73 [poisoned by a spiny frog]
 15737 | Lair:1   | HP: 28/73 [poisoned by a spiny frog]
 15743 | Lair:1   | HP: 30/73 [poisoned by a spiny frog]
 15751 | Lair:1   | HP: 32/73 [poisoned by a spiny frog]
 15756 | Lair:1   | HP: 29/73 [poisoned by a spiny frog]
 15758 | Lair:1   | XOM: confuse monster(s)
 15833 | Lair:1   | XOM: cast spell 'Summon Butterflies'
 15906 | Lair:1   | XOM: cleaving
 15920 | Lair:1   | XOM: scenery: create altars
 16002 | Lair:1   | Noticed p0werm0de's ghost (journeyman VSWn)
 16012 | Lair:1   | XOM: smoke on damage
 16012 | Lair:1   | HP: 26/73 [spiny frog (20)]
 16017 | Lair:1   | HP: 18/73 [poisoned by a spiny frog]
 16024 | Lair:1   | HP: 12/75 [bullfrog (6)]
 16029 | Lair:1   | HP: 4/75 [water moccasin (4)]
 16203 | Lair:1   | Noticed Sonja
 16204 | Lair:1   | XOM: smoke on damage
 16209 | Lair:1   | XOM: confuse monster(s)
 16229 | Lair:2   | Noticed Gastronok
 16233 | Lair:1   | XOM: divination: detect creatures
 16237 | Lair:1   | Killed Sonja
 16314 | Lair:2   | Found a hole to the Spider Nest.
 16335 | Lair:1   | HP: 33/75 [porcupine's spines (7)]
 16336 | Lair:1   | XOM: scenery: 1 doors close
 16358 | Lair:1   | XOM: harmless Erth miscast
 16360 | Lair:1   | HP: 36/75 [p0werm0de's ghost (12)]
 16366 | Lair:1   | XOM: mild Necr miscast
 16367 | Lair:1   | XOM: potion effect (curing)
 16373 | Lair:1   | XOM: scenery: create altars
 16386 | Lair:1   | XOM: confusion (+ monsters)
 16400 | Lair:1   | XOM: smoke on damage
 16412 | Lair:1   | XOM: enchant monster (bad)
 16553 | Lair:1   | Killed p0werm0de's ghost
 16667 | Lair:1   | XOM: confusion (+ monsters)
 16668 | Lair:1   | XOM: confuse monster(s)
 16698 | Lair:1   | Reached XP level 12. HP: 82/82 MP: 17/17
 16776 | Lair:1   | XOM: 5-stop teleportation journey
 16792 | Lair:1   | XOM: enchant monster (bad)
 16857 | Lair:1   | HP: 41/82 [yak (3)]
 16869 | Lair:1   | HP: 29/82 [yak (16)]
 16879 | Lair:1   | HP: 21/82 [yak (13)]
 17117 | Lair:1   | XOM: fake destruction
 17536 | Lair:2   | Reached skill level 12 in Unarmed Combat
 17607 | Lair:1   | XOM: god gift: wand of acid (10)
 17610 | Lair:1   | HP: 38/82 [wolf (8)]
 17616 | Lair:1   | XOM: cleaving
 17616 | Lair:1   | HP: 34/82 [komodo dragon (6)]
 17620 | Lair:1   | XOM: confuse monster(s)
 17727 | Lair:2   | XOM: smoke on damage
 17813 | Lair:2   | XOM: 8-stop teleportation journey
 17835 | Lair:2   | XOM: polymorph spiny frog -> basilisk
 17916 | Lair:2   | Noticed Urug
 17921 | Lair:2   | HP: 35/82 [Urug/javelin of returning (22)]
 17921 | Lair:2   | XOM: butterfly on damage
 17938 | Lair:1   | XOM: god gift: potion of mutation
 18135 | Lair:2   | XOM: god gift: 16 bolts
 18185 | Lair:2   | XOM: confuse monster(s)
 18250 | Lair:1   | XOM: noise
 18381 | Lair:2   | XOM: harmless Tloc miscast
 18409 | Lair:2   | HP: 28/82 [komodo dragon (29)]
 18409 | Lair:2   | XOM: butterfly on damage
 18424 | Lair:2   | HP: 32/82 [yak (1)]
 18440 | Lair:2   | XOM: summons friendly iron imp
 18443 | Lair:2   | HP: 39/82 [polar bear (3)]
 18454 | Lair:1   | XOM: enchant monster (good)
 18631 | Lair:1   | XOM: harmless Summ miscast
 18638 | Lair:1   | XOM: cast spell 'Monstrous Menagerie'
 18691 | Lair:1   | XOM: medium Conj miscast
 18697 | Lair:1   | HP: 39/82 [yak (13)]
 18704 | Lair:1   | HP: 22/82 [yak (9)]
 18748 | Lair:1   | XOM: cleaving
 18755 | Lair:1   | HP: 30/82 [yak (13)]
 18760 | Lair:1   | HP: 17/82 [yak (8)]
 18817 | Lair:1   | XOM: mild Tloc miscast
 18817 | Lair:1   | HP: 39/83 [something (9)]
 18943 | Lair:1   | HP: 39/83 [yak (11)]
 19049 | Lair:2   | HP: 41/83 [yak (7)]
 19052 | Lair:1   | XOM is BORED!
 19052 | Lair:1   | XOM: enchant monster (bad)
 19053 | Lair:1   | XOM: destruction
 19056 | Lair:1   | XOM: confuse monster(s)
 19063 | Lair:1   | Lost mutation: Your body often deteriorates upon taking damage. [potion of mutation]
 19063 | Lair:1   | Lost mutation: You are agile. (Dex +2) [potion of mutation]
 19063 | Lair:1   | Lost mutation: You are very dopey. (Int -4) [potion of mutation]
 19063 | Lair:1   | Lost mutation: You are dopey. (Int -2) [potion of mutation]
 19063 | Lair:1   | Gained mutation: You are very weak. (Str -4) [potion of mutation]
 19063 | Lair:1   | Gained mutation: You are agile. (Dex +2) [potion of mutation]
 19153 | Lair:2   | Noticed Prince Ribbit
 19164 | Lair:2   | Killed Prince Ribbit
 19165 | Lair:2   | XOM: 3-stop teleportation journey
 19203 | Lair:2   | Noticed Erica
 19219 | Lair:2   | Killed Erica
 19358 | Lair:2   | XOM: mild Fire miscast
 19368 | Lair:3   | XOM: cast spell 'Alistair's Intoxication'
 19459 | Lair:2   | XOM: divination: magic mapping
 19460 | Lair:2   | XOM: potion effect (haste)
 19460 | Lair:2   | HP: 39/84 [water moccasin (7)]
 19465 | Lair:1   | HP: 20/84 [poisoned by a water moccasin]
 19471 | Lair:1   | HP: 16/84 [poisoned by a water moccasin]
 19480 | Lair:1   | HP: 17/84 [wolf (5)]
 19485 | Lair:1   | HP: 11/84 [wolf (4)]
 19488 | Lair:1   | HP: 3/84 [wolf (9)]
 19491 | Lair:1   | Slain by a water moccasin

Skill      XL: |  1  2  3  4  5  6  7  8  9 10 11 12 |
---------------+-------------------------------------+-----
Unarmed Combat | 3 4 5 6 7 8 9 10 11 12 | 12.4
Stealth        | 2 4 5 6 7 9 |  9.0
Evocations     | 1 3 4 6 7 8 |  8.2
Fighting       | 4 5 6 7 8 |  8.3
Dodging        | 4 5 6 7 8 |  8.3
Shields        | 4 5 6 7 8 |  8.4

Action                   |  1- 3 |  4- 6 |  7- 9 | 10-12 || total
-------------------------+-------+-------+-------+-------++-------
Melee: Unarmed           |    76 |    63 |   289 |   952 ||  1380
       Constrict         |    23 |    16 |    59 |   121 ||   219
       Tentacles         |    13 |    14 |    71 |   161 ||   259
       Punch             |     2 |     1 |     9 |    76 ||    88
       Dagger            |       |       |     9 |       ||     9
Evoke: Wand              |       |       |     4 |     5 ||     9
  Use: Scroll            |       |    11 |     8 |     4 ||    23
       Potion            |       |     2 |     1 |     4 ||     7
 Stab: Sleeping          |     2 |     5 |    17 |    17 ||    41
       Distracted        |       |       |     2 |     2 ||     4
       Confused          |       |       |       |    12 ||    12
  Eat: Chunk             |     1 |     5 |    16 |    19 ||    41
       Ration            |       |       |     1 |     5 ||     6
Armor: Skin              |     6 |     5 |    10 |    98 ||   119
Dodge: Dodged            |    36 |    21 |    81 |   357 ||   495
Block: Shield            |    30 |    22 |    82 |   335 ||   469

Vault maps used:
D:1:      ncdulo_lavacross, minmay_crystal_room, hangedman_decor_push,
          st_stairs_3, ashenzari_altar_1
D:2:      amethyst_overflow_temple_binary, first_ration, minmay_misc_feat_rows,
          uniq_crazy_yiuf_cottage
D:3:      hangedman_glass_garden, uniq_sigmund
D:4:      cheibrodos_quashed, minmay_temple_entry_butterflies, st_stairs_8
D:5:      basic_altar, uniq_blork_the_orc
D:6:      zin_purify, fedhas_altar_2
D:7:      gammafunk_temple_overflow_statue, lemuel_mausoleum_altar_yredelemnul,
          enter_bailey_2, serial_shops, kennysheep_mini_moat, uniq_joseph
D:8:      cheibrodos_fertilizer, grunt_pizzeria
D:9:      kennysheep_spiral_hall, nicolae_dithmenos_shadow_blocks
D:10:     dpeg_oklobed_lair, nicolae_sextant, water_maze_lemuel
D:11:     minmay_ambush_box
Lair:1:   beast_lair_carwin_large_1, lemuel_fruit_tree, grunt_megastairs_5,
          uniq_sonja
Lair:2:   dummy_spider_entry, uniq_prince_ribbit2, uniq_gastronok, uniq_urug,
          uniq_erica
Lair:3:   beast_lair_carwin_5, uniq_rupert
